 Dungeon Crawl Stone Soup version 0.31-a0-187-gba352fbbf7 (webtiles) character file.

Game seed: 5792020055029451347

175 qw the Skirmisher (level 5, -1/29 HPs)
             Began as a Deep Elf Hunter on June 22, 2023.
             Slain by a steam dragon (4 damage)
             ... on level 4 of the Dungeon.
             The game lasted 00:01:07 (2512 turns).

qw the Skirmisher (Deep Elf Hunter)                 Turns: 2512, Time: 00:01:07

Health: -1/29      AC: 12    Str: 10    XL:     5   Next: 29%
Magic:  7/7        EV:  9    Int: 14    God:
Gold:   173        SH:  4    Dex: 18    Spells: 4/4 levels left

rFire   . . .        Y - +0 shortbow
rCold   . . .        (shield currently unavailable)
rNeg    . . .        j - +3 scale mail
rPois   .            (helmet restricted)
rElec   .            (no cloak)
rCorr   .            (no gloves)
SInv    +            h - +0 pair of boots
Will    .....        l - amulet of the acrobat
Stlth   +            k - ring of see invisible
HPRegen 0.24/turn    (no ring)
MPRegen 0.10/turn

%: acrobat
@: no status effects
A: antennae 1, iridescent scales 1, large bone plates 1
a: no special abilities


You were on level 4 of the Dungeon.
You visited 1 branch of the dungeon, and saw 5 of its levels.

You collected 173 gold pieces.


Innate Abilities, Weirdness & Mutations

You have a pair of small antennae on your head.
You are partially covered in iridescent scales. (AC +2)
You are partially covered in large bone plates. (SH +4)


   Skills:
 - Level 1.5 Fighting
 + Level 8.8 Ranged Weapons
 - Level 2.4 Dodging
 - Level 1.2 Stealth


You had 4 spell levels left.
You didn't know any spells.
Your spell library was empty.

Inventory:

Hand Weapons
 Y - a +0 shortbow (weapon)
Armour
 f - a +1 cloak
 h - a +0 pair of boots (worn)
 j - a +3 scale mail (worn)
Jewellery
 a - a ring of ice
 k - a ring of see invisible (left hand)
 l - an amulet of the acrobat (around neck)
Potions
 b - a potion of haste {unknown}
 c - a potion of enlightenment {unknown}
 d - a potion of might {unknown}
 e - a potion of heal wounds
 g - a potion of berserk rage {unknown}
 i - 2 potions of curing {unknown}
 m - 3 potions of mutation

Dungeon Overview and Level Annotations

Branches:
Dungeon (5/15)
 Temple: D:4-7

Altars:

Shops:
D:1 :[:(


Message History

There is an open door here.
There is an open door here.
There is an open door here.
A steam dragon comes into view.
The steam dragon hisses angrily.
There is an open door here.
Enter note:
Enter note:
Enter note:
Enter note: You shoot an arrow.
The arrow hits the steam dragon.
The steam dragon is lightly wounded.
You shoot an arrow.
The arrow closely misses the steam dragon.
You shoot an arrow.
The arrow hits the steam dragon but does no damage.
The steam dragon is lightly wounded.
The steam dragon bites you! The steam dragon closely misses you.
The steam dragon misses you. The steam dragon closely misses you.
You shoot an arrow.
The arrow hits the steam dragon but does no damage.
The steam dragon is lightly wounded.
The steam dragon bites you but does no damage.
The steam dragon claws you but does no damage.
You shoot an arrow.
The arrow hits the steam dragon but does no damage.
The steam dragon is lightly wounded.
The steam dragon bites you.
The steam dragon claws you but does no damage.
You shoot an arrow.
The arrow closely misses the steam dragon.
The steam dragon breathes steam at you. The ball of steam hits you!
You shoot an arrow. The arrow hits the steam dragon.
The steam dragon is lightly wounded.
You are engulfed in a cloud of scalding steam.
The steam dragon bites you but does no damage.
The steam dragon barely misses you. You block the steam dragon's attack.
The steam dragon claws you.
You die...

..).....##############
#.....................
#.......>.............
'.....................
#.....................
#.....................
#.....................
#.......####'#########
#.....%)'.....@.......
#.......#.....#D......
..#.......#....:#.......
.>#.......#.....#......#
..#.......#.....#......#
..#.......#.....#.......
..#...<...#.....#.......
..#.......##############
..#...................


You could see a steam dragon (catching breath).

Vanquished Creatures
  Natasha (D:2)
  7 adders
  A worm (D:2)
  2 dart slugs
  8 orcs
  2 bats
  4 endoplasms
  2 giant cockroaches
  6 goblins
  9 hobgoblins
  5 quokkas
  5 ball pythons
  6 frilled lizards
  9 kobolds
  5 rats
72 creatures vanquished.

Notes
Turn   | Place    | Note
-------+----------+-------------------------------------------
     0 | D:1      | qw the Deep Elf Hunter began the quest for the Orb.
     0 | D:1      | Reached XP level 1. HP: 12/12 MP: 3/3
     0 | D:1      | 0 ||| qw: Version: 0.3-a-9-g12657ce
     0 | D:1      | 0 ||| qw: Game counter: 2526
     0 | D:1      | 0 ||| qw: Always use a shield: true
     0 | D:1      | 0 ||| qw: God list: Okawaru
     0 | D:1      | 0 ||| qw: Allow faded altars: false
     0 | D:1      | 0 ||| qw: Do Orc after D:15 true
     0 | D:1      | 0 ||| qw: Do second Lair branch before Depths: true
     0 | D:1      | 0 ||| qw: Lair rune preference: random
     0 | D:1      | 0 ||| qw: Plans: Normal
     0 | D:1      | 0 ||| PLANNING D:1-11
   130 | D:1      | Found Feidurch's Book Boutique.
   152 | D:1      | Found Ruibrid's Antique Armour Shop.
   154 | D:1      | 154 ||| FLEEEEING.
   172 | D:1      | 172 ||| FLEEEEING.
   173 | D:1      | 173 ||| FLEEEEING.
   174 | D:1      | 174 ||| FLEEEEING.
   175 | D:1      | 175 ||| FLEEEEING.
   176 | D:1      | 176 ||| FLEEEEING.
   177 | D:1      | 177 ||| FLEEEEING.
   187 | D:1      | Reached skill level 6 in Ranged Weapons
   187 | D:1      | Reached XP level 2. HP: 16/16 MP: 4/4
   250 | D:1      | 250 ||| SHOPLISTING fine ring mail (234 gold, have 16).
   250 | D:1      | 250 ||| SHOPLISTING glowing robe (96 gold, have 16).
   266 | D:1      | HP: 4/16 [kobold/+0 dagger (1)]
   331 | D:1      | Found Hixewn's Book Shoppe.
   499 | D:1      | Found a faded altar of an unknown god.
   554 | D:1      | Reached XP level 3. HP: 20/20 MP: 5/5
   572 | D:1      | Found Camide's Antique Weapon Shoppe.
   584 | D:1      | 584 ||| SHOPLISTING runed triple crossbow (260 gold, have
                  | 49).
   704 | D:1      | 704 ||| UPGRADING to +0 ring mail.
   714 | D:1      | 714 ||| DROPPING +0 leather armour.
   715 | D:1      | 715 ||| UPGRADING to ring of see invisible.
   716 | D:1      | 716 ||| READING scroll labelled OCLIEFOBIFF.
   717 | D:1      | 717 ||| READING scroll labelled ENETAW ERCHA.
   720 | D:1      | 720 ||| READING scroll labelled GIC PUWNATA.
   721 | D:1      | 721 ||| READING scroll labelled GELOCS MEISHRUPN.
   722 | D:1      | 722 ||| READING scroll labelled XOISTUSEALU.
   723 | D:1      | 723 ||| READING scroll labelled FYPLIQ DUTOY.
   724 | D:1      | 724 ||| DROPPING scroll of butterflies.
   745 | D:2      | 745 ||| STAIRDANCE
   794 | D:2      | Reached skill level 7 in Ranged Weapons
  1078 | D:2      | Noticed Natasha
  1081 | D:2      | Killed Natasha
  1082 | D:2      | Reached XP level 4. HP: 25/25 MP: 6/6
  1472 | D:2      | 1472 ||| DRINKING 2 silvery potions.
  1472 | D:2      | Gained mutation: You have a pair of small antennae on your
                  | head. [potion of mutation]
  1472 | D:2      | Gained mutation: You are partially covered in iridescent
                  | scales. (AC +2) [potion of mutation]
  1472 | D:2      | Gained mutation: You are partially covered in large bone
                  | plates. (SH +4) [potion of mutation]
  1493 | D:3      | Reached skill level 8 in Ranged Weapons
  1497 | D:3      | 1497 ||| FLEEEEING.
  1498 | D:3      | 1498 ||| STAIRDANCE
  1745 | D:3      | You fall into a shaft and drop 2 floors!
  1745 | D:5      | Entered Level 5 of the Dungeon
  1765 | D:5      | 1765 ||| UPGRADING to +0 pair of boots.
  1770 | D:5      | 1770 ||| DRINKING 2 dark potions.
  1848 | D:4      | 1848 ||| READING scroll labelled YGHIUM WOLI.
  1849 | D:4      | 1849 ||| DRINKING 2 cyan potions.
  1885 | D:4      | 1885 ||| DROPPING potion of lignification.
  1974 | D:3      | Reached XP level 5. HP: 28/29 MP: 7/7
  2323 | D:3      | 2323 ||| UPGRADING to +3 scale mail.
  2333 | D:3      | 2333 ||| DROPPING +0 ring mail.
  2334 | D:3      | 2334 ||| UPGRADING to amulet of the acrobat.
  2505 | D:4      | Noticed a steam dragon
  2512 | D:4      | HP: 3/29 [steam dragon] (5)]
  2512 | D:4      | Slain by a steam dragon

Levels and vault maps discovered:
D:1:      ncdulo_smallfort, layout_basic, serial_shops,
          nicolae_shop_tiny_waterfront, shop, nicolae_shop_back_alley_shop,
          shop, ebering_ecumenical_altar_box, chequers_serial_rivers_micro_a
D:2:      layout_basic, uniq_natasha
D:3:      layout_loops_ring
D:4:      layout_gridville, minmay_fractal_squares_gapless_5
D:5:      layout_gridville, dreamdust_divine_triumvirate,
          mainiacjoe_overflow_small_starburst, minmay_temple_entry_antechambers,
          gammafunk_ghost_necromancy

Skill      XL: |  1  2  3  4 |
---------------+-------------+-----
Ranged Weapons | 6 7 8 |  8.8
Fighting       | |  1.5
Dodging        | |  2.4
Stealth        | |  1.2

Action                     |  1- 3 |  4- 6 || total
---------------------------+-------+-------++-------
   Fire: Shortbow          |   109 |   113 ||   222
    Use: Scroll            |     6 |     1 ||     7
         Potion            |       |     3 ||     3
 Armour: Leather armour    |     5 |       ||     5
         Ring mail         |     7 |    17 ||    24
         Scale mail        |       |     7 ||     7
  Dodge: Dodged            |    37 |    32 ||    69
  Block: Other             |       |     8 ||     8

Table legend:
 A = Non-vault XP
 B = Vault XP
 C = Vault XP percentage of total XP
 D = Non-vault monster count
 E = Vault monster count
 F = Vault count percentage of total count
                 A         B        C        D         E       F
            +---------+---------+-------+---------+---------+-------
      Total |     196 |      54 |  21.6 |      67 |       5 |   6.9
            +---------+---------+-------+---------+---------+-------
        D:1 |      58 |       0 |   0.0 |      28 |       0 |   0.0
        D:2 |      53 |      35 |  39.8 |      17 |       1 |   5.6
        D:3 |      53 |       0 |   0.0 |      17 |       0 |   0.0
        D:4 |      32 |      19 |  37.3 |       5 |       4 |  44.4
            +---------+---------+-------+---------+---------+-------
